 Dungeon Crawl Stone Soup version 0.26.1-11-gd32895ea62 (webtiles) character file.

Game seed: 9157943139005616208

396 Almogavar the Chiller (level 7, -4/48 HPs)
             Began as a Human Ice Elementalist on May 19, 2021.
             Killed by nerve-wracking pain
             ... invoked by Menkaure
              (14 damage)
             ... on level 4 of the Dungeon.
             The game lasted 00:14:13 (3792 turns).

Almogavar the Chiller (Human Ice Elementalist)      Turns: 3792, Time: 00:14:14

Health: -4/48      AC:  5    Str: 14    XL:     7   Next: 9%
Magic:  7/12       EV: 12    Int: 18    God:
Gold:   368        SH:  0    Dex: 13    Spells: 9/13 levels left

rFire    . . .     SeeInvis .   b - +2 hunting sling (freeze)
rCold    . . .     Faith    .   (no shield)
rNeg     . . .     Spirit   .   a - +0 robe
rPois    .         Reflect  .   n - +2 helmet
rElec    .         Harm     .   (no cloak)
rCorr    .         Rampage  .   (no gloves)
Will     .....                  (no boots)
Stlth    ++........             q - amulet of regeneration
HPRegen  0.56/turn              d - +6 ring of strength
MPRegen  0.13/turn              (no ring)

@: no status effects
A: no striking features
a: no special abilities


You were on level 4 of the Dungeon.
You visited 1 branch of the dungeon, and saw 4 of its levels.

You collected 368 gold pieces.

Inventory:

Hand Weapons
 b - a +2 hunting sling of freezing (weapon)
 i - a +2 mace of holy wrath
Missiles
 c - 183 stones (quivered ammo)
Armour
 a - a +0 robe (worn)
 g - a +0 leather armour
 n - a +2 helmet (worn)
 w - a cursed +0 ring mail
Jewellery
 d - a +6 ring of strength (left hand)
 q - an amulet of regeneration (around neck)
 r - an uncursed amulet of reflection {unknown}
Wands
 x - a wand of acid (10)
Scrolls
 e - 2 scrolls of fear
 k - a scroll of noise {unknown}
 o - 2 scrolls of magic mapping {unknown}
 p - 5 scrolls of teleportation {unknown}
 s - a scroll of enchant weapon {unknown}
 t - a scroll of remove curse {unknown}
 u - a scroll of fog {unknown}
 v - a scroll of blinking {unknown}
 y - a scroll of amnesia {unknown}
Potions
 f - 2 potions of curing
 h - 4 potions of lignification {unknown}
 j - 2 potions of mutation {unknown}
 l - 6 potions of brilliance {unknown}
 m - a potion of berserk rage {unknown}


   Skills:
 + Level 1.1 Fighting
 + Level 4.1 Slings
 + Level 2.1 Dodging
 + Level 2.4 Stealth
 + Level 3.6 Spellcasting
 + Level 5.1 Ice Magic


You had 9 spell levels left.
You knew the following spells:

 Your Spells              Type           Power        Failure   Level
a - Freeze                Ice            84%          1%          1
b - Frozen Ramparts       Ice            42%          5%          3

Your spell library contained the following spells:

 Spells                   Type           Power        Failure   Level
 Ozocubu's Armour         Ice            21%          5%          3
 Ensorcelled Hibernation  Hex/Ice        24%          9%          2
 Hailstorm                Conj/Ice       12%          47%         4
 Summon Ice Beast         Ice/Summ       12%          47%         4


Dungeon Overview and Level Annotations

Branches:
Dungeon (4/15)
 Temple: D:4-7

Altars:
Cheibriados
Dithmenos
Hepliaklqana
Wu Jian

Annotations:
D:4 Menkaure


Message History

Menkaure completely misses you.
Casting: Freeze (safe; 1% risk of failure)
Confirm with . or Enter, or press ? or * to list all spells.
Aiming: Freeze (safe; 1% risk of failure)
Press: ? - help, Shift-Dir - straight line, f/p - Menkaure
Aim: Menkaure (severely damaged) Menkaure resists.
You freeze Menkaure.
Menkaure is almost destroyed.
Menkaure calls on the powers of darkness!
Your body is wracked with pain!
* * * LOW HITPOINT WARNING * * *
Casting: Freeze (safe; 1% risk of failure)
Confirm with . or Enter, or press ? or * to list all spells.
Aiming: Freeze (safe; 1% risk of failure)
Press: ? - help, Shift-Dir - straight line, f/p - Menkaure
Aim: Menkaure (almost destroyed) Menkaure completely resists.
You freeze Menkaure but do no damage. Menkaure casts a spell at you.
Pain shoots through your body!
You die...

#..#.. ... #..#.# ...
#..#.# #.# #..#.# #.#
#..#.###### #.#
#.......... #.#
#..###########.#####
##..................#
#............##@###.#
##.#.######..<#M#.#.#
#.#.# #.(........#.#
#.#.# #(###..#.#.#.#
#.#.# #.#....#...#.#
#.#.#
#.#.#.######.############
#.#.#
#.#.#.........)..........
#.#.#
#.#.########.############
#.#.# #.#.# #.# #.[..


You could see Menkaure.

Vanquished Creatures
  A scorpion (D:4)
  A howler monkey (D:4)
  An orc priest (D:4)
  An orc wizard (D:4)
  Jessica (D:3)
  2 worker ants (D:4)
  A hound skeleton (D:4)
  4 gnolls (D:3)
  4 adders
  2 oozes (D:2)
  3 worms (D:3)
  2 dart slugs (D:1)
  2 leopard geckos
  6 orcs
  7 giant cockroaches
  6 hobgoblins
  A quokka (D:3)
  2 ball pythons
  5 bats
  7 frilled lizards
  4 goblins
  6 kobolds
  9 rats
78 creatures vanquished.

Notes
Turn   | Place    | Note
-------+----------+-------------------------------------------
     0 | D:1      | Almogavar the Human Ice Elementalist began the quest for
                  | the Orb.
     0 | D:1      | Reached XP level 1. HP: 13/13 MP: 3/3
   270 | D:1      | Reached XP level 2. HP: 14/19 MP: 0/5
   358 | D:1      | Found a snail-covered altar of Cheibriados.
  1052 | D:2      | Reached XP level 3. HP: 24/24 MP: 6/6
  1425 | D:2      | Reached XP level 4. HP: 30/30 MP: 2/8
  1726 | D:2      | Reached skill level 1 in Slings
  2190 | D:3      | Reached XP level 5. HP: 28/36 MP: 6/9
  2452 | D:3      | Noticed Jessica
  2471 | D:3      | Killed Jessica
  2573 | D:3      | Identified Jessica's Volume of Hexes
  2811 | D:4      | Noticed an ogre
  2817 | D:4      | Reached XP level 6. HP: 21/42 MP: 4/10
  2883 | D:3      | Learned a level 3 spell: Frozen Ramparts
  3028 | D:4      | Reached skill level 5 in Ice Magic
  3038 | D:4      | Reached skill level 1 in Fighting
  3130 | D:4      | Found a hazy altar of Hepliaklqana.
  3133 | D:4      | Found a shadowy altar of Dithmenos.
  3138 | D:4      | Found an ornate altar of the Wu Jian Council.
  3679 | D:4      | Reached XP level 7. HP: 48/48 MP: 12/12
  3777 | D:4      | Noticed Menkaure
  3792 | D:4      | Killed from afar by Menkaure

Illustrated notes

Levels and vault maps discovered:
D:1:      grunt_arrival_lava_bath, layout_basic, minmay_hexomino_r4
D:2:      layout_loops_ring
D:3:      layout_basic, kennysheep_jessica_study
D:4:      layout_basic, grunt_temple_overflow_diamond, uniq_menkaure

Skill      XL: |  1  2  3  4  5  6  7 |
---------------+----------------------+-----
Slings         | 1 3 4 |  4.1
Spellcasting   | 3 |  3.6
Ice Magic      | 5 |  5.1
Fighting       | 1 |  1.1
Dodging        | |  2.1
Stealth        | |  2.4

Action                   |  1- 3 |  4- 6 |  7- 9 || total
-------------------------+-------+-------+-------++-------
Melee: Unarmed           |     5 |       |       ||     5
 Fire: Hunting sling     |    27 |   108 |    11 ||   146
 Cast: Freeze            |    27 |    38 |     8 ||    73
  Use: Scroll            |       |     2 |       ||     2
Armor: Robe              |     6 |    10 |     1 ||    17
Dodge: Dodged            |    15 |    21 |     1 ||    37
